 Dungeon Crawl Stone Soup version 0.27.0-1-g7a089689b8 (webtiles) character file.

Game seed: 14109236523733499025

105 Strat the Chopper (level 4, 0/42 HPs)
             Began as a Deep Dwarf Gladiator on Aug 8, 2021.
             Slain by an orc (1 damage)
             ... on level 3 of the Dungeon.
             The game lasted 00:02:59 (1578 turns).

Strat the Chopper (Deep Dwarf Gladiator)            Turns: 1578, Time: 00:03:00

Health: 0/42       AC: 10    Str: 19    XL:     4   Next: 53%
Magic:  3/3        EV:  8    Int:  8    God:
Gold:   34         SH:  0    Dex: 14    Spells: 3/3 levels left

rFire    . . .     SeeInvis .   a - +0 war axe
rCold    . . .     Faith    .   (no shield)
rNeg     . . .     Spirit   .   q - +0 chain mail
rPois    .         Reflect  .   c - +0 helmet
rElec    .         Harm     .   j - +0 cloak
rCorr    .         Rampage  .   (no gloves)
Will     .....                  (no boots)
Stlth    ..........             (no amulet)
HPRegen  0.00/turn              (no ring)
MPRegen  0.08/turn              (no ring)

@: no status effects
A: damage resistance, heal wounds, sense surroundings 1, no regeneration
a: Heal Wounds


You were on level 3 of the Dungeon.
You visited 1 branch of the dungeon, and saw 3 of its levels.

You collected 34 gold pieces.

Inventory:

Hand Weapons
 a - a +0 war axe (weapon)
Missiles
 d - 3 throwing nets (quivered)
 e - 124 stones
 f - 5 silver boomerangs
 p - 8 javelins
Armour
 b - a +0 leather armour
 c - a +0 helmet (worn)
 h - a +0 ring mail
 j - a +0 cloak (worn)
 q - a +0 chain mail (worn)
Scrolls
 k - a scroll of identify
 l - a scroll of fear {unknown}
 n - a scroll of fog {unknown}
 o - a scroll of blinking {unknown}
Potions
 g - a potion of haste {unknown}
 i - a potion of attraction {unknown}
 m - a potion of invisibility {unknown}


   Skills:
 * Level 3.1 Fighting
 * Level 4.5 Axes
 - Level 1.7 Throwing
 + Level 1.7 Armour
 - Level 3.2 Dodging


You had 3 spell levels left.
You didn't know any spells.
Your spell library contained the following spells:

 Spells                   Type           Power      Damage    Failure   Level
 Sandblast                Erth           0%         2d4       99%         1


Dungeon Overview and Level Annotations

Branches:
Dungeon (3/15)

Altars:
Ashenzari

Annotations:
D:3 3 runed translucent doors, HilariousDeathArtist's ghost, amateur DDWz


Innate Abilities, Weirdness & Mutations

You are resistant to damage.
You can heal yourself by infusing magical energy.
You passively map a small area around you.
You do not regenerate.


Message History

You hit the orc but do no damage. The orc hits you but does no damage.
You barely miss the orc. The orc hits you but does no damage.
You hit the orc.
The orc is heavily wounded.
The orc hits you but does no damage. The orc hits you with a +0 club.
* * * LOW HITPOINT WARNING * * *
You closely miss the orc.
The orc is heavily wounded.
The orc hits you but does no damage.
You slash the orc!
You kill the orc!
You closely miss the orc. The orc hits you but does no damage.
HilariousDeathArtist's ghost screams, "Very impressive.
But it won't help.
Nothing will."
You closely miss the orc. The orc hits you but does no damage.
You hit the orc.
The orc is heavily wounded.
The orc hits you but does no damage. The orc completely misses you.
You slash the orc!
You kill the orc!
You barely miss the orc. The orc hits you with a +0 war axe.
* * * LOW HITPOINT WARNING * * *
The orc hits you but does no damage. x2
You slash the orc!
You kill the orc!
The orc barely misses you. The orc hits you with a +0 trident.
* * * LOW HITPOINT WARNING * * *
Items here: ))) [ †.
You hit the orc.
The orc is moderately wounded.
The orc hits you with a +0 trident.
* * * LOW HITPOINT WARNING * * *
The orc hits you but does no damage.
You hit the orc.
The orc is almost dead.
The orc hits you with a +0 trident.
You barely miss the orc.
The orc is almost dead.
The orc hits you with a +0 trident.
You die...

#####
#.#...##..........<##
.....*
#.#########..........
####.
#.#...(.(.#...####.##
* # , #.#((.....#.).#
.... #**
#.#....(..#(..#
?...., * *
#.#..(....#..)#......
** *
#.#(...W♣.#......._..
,
.###+++###...#......
#.......@o...#......
......######.#*.....
* ##### * #.# ##.##
#.. ,..J ####* *## ,
*


You could see HilariousDeathArtist's ghost and an orc.

Vanquished Creatures
  An orc priest (D:3)
  A howler monkey zombie (D:3)
  An adder (D:2)
  9 orcs (D:3)
  5 bats
  2 endoplasms (D:1)
  A hobgoblin (D:3)
  5 jackals
  6 kobolds
  A ball python (D:2)
  6 frilled lizards
  3 goblins
  5 rats
46 creatures vanquished.

Notes
Turn   | Place    | Note
-------+----------+-------------------------------------------
     0 | D:1      | Strat the Deep Dwarf Gladiator began the quest for the Orb.
     0 | D:1      | Reached XP level 1. HP: 19/19 MP: 1/1
   113 | D:1      | Reached XP level 2. HP: 19/26 MP: 2/2
   195 | D:1      | Found a faded altar of an unknown god.
   199 | D:1      | Got Plato's Reference Book on Stones
   717 | D:2      | Reached skill level 1 in Armour
   717 | D:2      | Reached XP level 3. HP: 16/33 MP: 3/3
   958 | D:2      | Reached skill level 4 in Axes
  1482 | D:3      | Reached XP level 4. HP: 26/40 MP: 3/3
  1556 | D:3      | Found a broken altar of Ashenzari.
  1559 | D:3      | Found a runed translucent gate.
  1559 | D:3      | Found a runed translucent gate.
  1559 | D:3      | Found a runed translucent gate.
  1560 | D:3      | Noticed HilariousDeathArtist's ghost (amateur DDWz)
  1576 | D:3      | HP: 1/42 [orc (3)]
  1578 | D:3      | Slain by an orc

Illustrated notes

Levels and vault maps discovered:
D:1:      evilmike_arrival_plus, layout_loops_ring,
          shapermc_ecumenical_altar_rom_forum
D:2:      layout_loops_ring, kennysheep_boxes
D:3:      layout_basic, old_standard_altar, mainiacjoe_overflow_divided_tiny,
          ebering_ghost_rock_garden, chequers_avenue

Skill      XL: |  1  2  3  4 |
---------------+-------------+-----
Fighting       | 2 3 |  3.1
Armour         | 1 |  1.7
Axes           | 4 |  4.5
Throwing       | |  1.7
Dodging        | |  3.2

Action                   |  1- 3 |  4- 6 || total
-------------------------+-------+-------++-------
Melee: War axe           |   110 |    44 ||   154
 Abil: Heal Wounds       |     1 |       ||     1
  Use: Scroll            |     2 |       ||     2
Armor: Leather armour    |    19 |       ||    19
       Ring mail         |    24 |     3 ||    27
       Chain mail        |       |    17 ||    17
Dodge: Dodged            |    97 |    22 ||   119
